 Dungeon Crawl Stone Soup version 0.23.1-41-g7e51ed32d8 (webtiles) character file.

Game seed: 17953946807377258479

3367 PentaManta the Carver (level 10, -10/71 HPs)
             Began as an Octopode Fighter on Mar 30, 2019.
             Was an Initiate of Dithmenos.
             Impaled on a porcupine's spines (13 damage)
             ... on level 7 of the Dungeon.
             The game lasted 00:14:29 (6953 turns).

PentaManta the Carver (Octopode Fighter)            Turns: 6953, Time: 00:14:30

Health: -10/71     AC:  1    Str: 16    XL:     10   Next: 3%
Magic:  10/10      EV: 15    Int: 10    God:    Dithmenos [......]
Gold:   415        SH: 11    Dex: 15    Spells: 9/9 levels left

rFire    + . .     SeeInvis .   x - +3 long sword (curse)
rCold    . . .     Gourm    .   b - +2 shield
rNeg     . . .     Faith    .   (helmet restricted)
rPois    +         Spirit   .   c - amulet of regeneration
rElec    .         Reflect  .   i - ring of poison resistance
rCorr    .         Harm     .   u - ring of protection from fire
MR       .....                  (no ring)
Stlth    ++........             (no ring)
HPRegen  0.61/turn              (no ring)
MPRegen  0.12/turn              (no ring)
                                (no ring)
                                (no ring)

@: no status effects
A: almost no armour, stealthy swim, amphibious, 8 rings, constrict 8, camouflage
1, gelatinous body 1
a: Renounce Religion


You were on level 7 of the Dungeon.
You worshipped Dithmenos.
Dithmenos was noncommittal.
You were not hungry.

You visited 2 branches of the dungeon, and saw 9 of its levels.

You collected 565 gold pieces.
You spent 150 gold pieces at shops.

Inventory:

Hand Weapons
 t - the +10 dagger "Hacygots" {flame, rC++ Int+2}
   (You found it on level 4 of the Dungeon)

   It has been specially enchanted to burn those struck by it, causing extra
   injury to most foes and up to half again as much damage against particularly
   susceptible opponents.
   It affects your intelligence (+2).
   It greatly protects you from cold.
 x - a cursed +3 long sword (weapon)
Missiles
 a - 2 throwing nets
 w - 6 tomahawks (quivered)
Armour
 b - a +2 shield (worn)
Jewellery
 c - an amulet of regeneration (around mantle)
 i - a ring of poison resistance (left tentacle)
 u - a ring of protection from fire (right tentacle)
Wands
 e - a wand of iceblast (16)
 o - a wand of random effects (6)
 y - a wand of paralysis (2)
Scrolls
 g - 3 scrolls of teleportation
 m - 2 scrolls of blinking
 n - 4 scrolls of remove curse
 p - a scroll of silence {unknown}
 q - a scroll of identify
 v - a scroll of fear
Potions
 f - 3 potions of brilliance
 h - a potion of degeneration
 j - 2 potions of cancellation
 k - a potion of heal wounds
 l - 3 potions of magic
 r - 2 potions of mutation
 s - 3 potions of lignification
Comestibles
 d - 11 rations


   Skills:
 + Level 7.5 Fighting
 * Level 10.0 Long Blades
 + Level 7.5 Dodging
 - Level 3.0 Shields


You had 9 spell levels left.
You didn't know any spells.
Your spell library contained the following spells:

 Spells                   Type           Power        Failure   Level  Hunger
 Confusing Touch          Hex            #.....       87%         1    ##.....
 Confuse                  Hex            #.......     99%         3    ####...
 Gell's Gravitas          Tloc           #.........   99%         3    ####...
 Petrify                  Tmut/Erth      #.......     100%        4    #####..
 Metabolic Englaciation   Hex/Ice        #.........   100%        5    ######.
 Yara's Violent Unravell  Hex/Tmut       #.........   100%        5    ######.


Dungeon Overview and Level Annotations

Branches:
Dungeon (8/15)             Temple (1/1) D:7
   Lair: D:8-11

Altars:
Ashenzari
Cheibriados
Dithmenos
Elyvilon
Gozag
Hepliaklqana
Kikubaaqudgha
Makhleb
Nemelex Xobeh
Okawaru
Qazlal
Ru
Sif Muna
Trog
Uskayaw
Vehumet
Wu Jian
Xom
Yredelemnul
Zin
The Shining One

Shops:
D:5 :   D:6 ?   D:7 =

Annotations:
D:6 exclusion: wyvern


Innate Abilities, Weirdness & Mutations

You cannot wear most types of armour.
You are very stealthy in the water. (Stealth+)
You are amphibious.
You can wear up to eight rings at the same time.
You can use your tentacles to constrict eight enemies at once.
Your skin changes colour to match your surroundings (Stealth+).
Your rubbery body absorbs attacks. (AC +1, EV +1)


Message History

You are struck by the porcupine's spines.
You barely miss the porcupine.
The porcupine is severely wounded.
The porcupine barely misses you.
You riposte.
You hit the porcupine.
The porcupine is almost dead.
You closely miss the porcupine.
The porcupine is almost dead.
The porcupine bites you!
* * * LOW HITPOINT WARNING * * *
You are struck by the porcupine's spines.
* * * LOW HITPOINT WARNING * * *
You closely miss the porcupine.
The porcupine is almost dead.
You block the porcupine's attack.
Press: ? - help, v - describe, . - travel, g - get item
Here: a porcupine (almost dead)
A +0 hand axe.
The floor, spattered with blood.
You are struck by the porcupine's spines.
You die...

..........# #.#.).##...##
#########.# #.########.# #
#.# #.# #.# ## # #.# #.# #.#
##. # #.# #[# #.# ##.# #.#
#.# #.# ##.## #.# #.# #.#
#.## #.# #†########.# ##.##
#########.######@r.<[..##.#
##.#
........>..##.########.##.#
##. #####..........## #....#
#.
.....#..........######..###
#.
..........)......<...)..#####
#.
.....#..(.......##..........#
#.
########...#...###.###..###.#
#. #.............## #.# #.)#
#.# #. .....########.#
#.###..# #.# #.


You could see a porcupine.

Vanquished Creatures
  Pikel (D:7)
  Joseph (D:7)
  Prince Ribbit (D:7)
  A slave (D:6)
  2 ogres
  A necrophage (D:5)
  2 centaurs
  4 bullfrogs
  4 scorpions
  5 killer bees (D:7)
  4 wights (D:7)
  4 howler monkeys
  2 crimson imps
  A hound (D:5)
  4 orc priests
  A bullfrog zombie (D:5)
  3 jellies
  A bullfrog skeleton (D:4)
  5 orc wizards
  A centaur skeleton (D:7)
  2 iguanas
  6 worker ants
  2 killer bee zombies
  A hound zombie (D:6)
  A hound skeleton (D:4)
  A howler monkey zombie (D:5)
  A worker ant zombie (D:6)
  4 gnolls
  6 adders
  3 shadow imps
  An adder skeleton (D:6)
  2 worms
  A dart slug (D:1)
  3 leopard geckos
  16 orcs
  2 giant cockroaches
  3 goblins
  A hobgoblin (D:2)
  10 jackals
  7 kobolds
  A quokka (D:3)
  A ball python (D:6)
  6 bats
  7 frilled lizards
  A jackal skeleton (D:6)
  A leopard gecko skeleton (D:6)
  A leopard gecko zombie (D:6)
  A quokka skeleton (D:6)
  3 rats
143 creatures vanquished.

Vanquished Creatures (others)
  2 slaves (D:7)
  An orc wizard (D:7)
  2 orcs (D:7)
  A plant (D:8)
  5 toadstools (D:4)
11 creatures vanquished.

Grand Total: 154 creatures vanquished

Notes
Turn   | Place    | Note
-------+----------+-------------------------------------------
     0 | D:1      | PentaManta the Octopode Fighter began the quest for the
                  | Orb.
     0 | D:1      | Reached XP level 1. HP: 16/16 MP: 1/1
    82 | D:1      | Reached XP level 2. HP: 14/21 MP: 2/2
   590 | D:2      | Reached XP level 3. HP: 26/26 MP: 3/3
   701 | D:2      | Noticed a scorpion
   707 | D:2      | Killed a scorpion
   707 | D:2      | Reached skill level 3 in Long Blades
   707 | D:2      | Reached XP level 4. HP: 29/32 MP: 4/4
  1196 | D:3      | Reached XP level 5. HP: 28/37 MP: 5/5
  1491 | D:3      | Reached skill level 4 in Long Blades
  2155 | D:4      | Got a bloodstained dagger
  2203 | D:4      | Reached XP level 6. HP: 17/43 MP: 6/6
  2467 | D:4      | Identified the +10 dagger "Hacygots" {flame, rC++ Int+2}
                  | (You found it on level 4 of the Dungeon)
  2677 | D:5      | Entered Level 5 of the Dungeon
  2734 | D:5      | Reached skill level 5 in Long Blades
  2966 | D:5      | Found Wyshroigu's Book Emporium.
  3129 | D:5      | Reached XP level 7. HP: 49/49 MP: 7/7
  3251 | D:5      | HP: 1/49 [centaur (3)]
  3578 | D:5      | Reached skill level 5 in Fighting
  3578 | D:5      | Reached skill level 6 in Long Blades
  3578 | D:5      | Reached skill level 5 in Dodging
  3813 | D:5      | Reached XP level 8. HP: 39/55 MP: 8/8
  4356 | D:6      | Noticed a wyvern
  4505 | D:6      | Found Tar Nogew's Magic Scroll Emporium.
  4509 | D:6      | Bought a scroll of teleportation for 36 gold pieces
  4509 | D:6      | Bought a scroll of fear for 42 gold pieces
  4536 | D:6      | Reached skill level 7 in Long Blades
  4849 | D:6      | Found a burning altar of Makhleb.
  4849 | D:6      | Found an ancient bone altar of Kikubaaqudgha.
  4854 | D:6      | Found a sparkling altar of Nemelex Xobeh.
  4856 | D:6      | Found a faded altar of an unknown god.
  4857 | D:6      | Found a white marble altar of Elyvilon.
  5280 | D:7      | Noticed Prince Ribbit
  5319 | D:7      | Noticed Pikel
  5367 | D:6      | Bought a scroll of identify for 24 gold pieces
  5367 | D:6      | Bought a scroll of identify for 24 gold pieces
  5367 | D:6      | Bought a scroll of identify for 24 gold pieces
  5383 | D:7      | Killed Pikel
  5383 | D:7      | Reached skill level 8 in Long Blades
  5383 | D:7      | Reached XP level 9. HP: 41/63 MP: 9/9
  5513 | D:7      | Found Ruekut's Jewellery Boutique.
  5629 | D:7      | Killed Prince Ribbit
  5629 | D:7      | Reached skill level 9 in Long Blades
  5712 | D:7      | Noticed Joseph
  5722 | D:7      | Killed Joseph
  5958 | D:7      | Found an ornate altar of the Wu Jian Council.
  6301 | D:7      | Found a staircase to the Ecumenical Temple.
  6313 | Temple   | Entered the Ecumenical Temple
  6323 | Temple   | Became a worshipper of Dithmenos the Shadowed
  6719 | D:7      | Found a deep blue altar of Sif Muna.
  6939 | D:7      | Reached skill level 10 in Long Blades
  6939 | D:7      | Reached XP level 10. HP: 63/71 MP: 10/10
  6952 | D:7      | HP: 3/71 [porcupine's spines (11)]
  6953 | D:7      | Impaled on a porcupine's spines

Skill      XL: |  1  2  3  4  5  6  7  8  9 |
---------------+----------------------------+-----
Long Blades    | 3 4 5 6 8 10 | 10.0
Fighting       | 4 5 6 7 |  7.5
Dodging        | 4 5 6 7 |  7.5
Shields        | |  3.0

Action                   |  1- 3 |  4- 6 |  7- 9 | 10-12 || total
-------------------------+-------+-------+-------+-------++-------
Melee: Long sword        |    27 |   101 |   200 |    10 ||   338
       Constrict         |     6 |    36 |    51 |     1 ||    94
       Tentacles         |     5 |    27 |    57 |     2 ||    91
Throw: Tomahawk          |       |       |     3 |       ||     3
  Use: Scroll            |       |       |    18 |       ||    18
       Potion            |       |       |     4 |       ||     4
 Stab: Sleeping          |     8 |     5 |     4 |       ||    17
       Invisible         |       |       |     2 |       ||     2
  Eat: Chunk             |       |     6 |     4 |       ||    10
       Ration            |       |       |     3 |       ||     3
Armor: Skin              |       |     5 |     6 |       ||    11
Dodge: Dodged            |     7 |    58 |    81 |     9 ||   155
Block: Shield            |     4 |    39 |    84 |     8 ||   135
       Rpst.: Long sword |       |    18 |    24 |     2 ||    44
